AoeStats
← Pete

Four Lakes

510159550Analyzed
1v1 RM · 2d ago on Sep 29, 2026· 44m 23s· 2 players
Game mode
Random Map
Map size
Tiny (2 player)
Population
200
Speed
Normal
Resources
Standard
Victory
Conquest
Starting age
Dark Age
Ending age
Imperial Age
RankedLock teamsTeams togetherTeam positionsShared explorationLock speedFull tech treeHidden civsTurbo modeCheats
Victory
Defeat
🇩🇪 Huns · Germany
1991
+12
🇬🇧 Persians · United Kingdom
1899
-12
Pete
7:08 Loom
9:18 Feudal Age
9:17 Man-at-Arms
9:45 Double-Bit Axe
14:16 Fletching
15:12 Fishing Lines
20:17 Castle Age
18:56 Scale Mail Armor
19:10 Horse Collar
19:37 Gold Mining
20:11 Bloodlines
20:41 Bodkin Arrow
21:03 Thumb Ring
20:43 Crossbowman
21:28 Husbandry
23:37 Bow Saw
23:55 Scale Barding Armor
25:40 Forging
26:25 Chain Barding Armor
31:24 Ballistics
36:25 Wheelbarrow
45:43 Imperial Age
43:07 Elite Skirmisher
44:35 Padded Archer Armor
nC_Future
6:54 Loom
9:43 Feudal Age
10:14 Double-Bit Axe
12:39 Fishing Lines
16:41 Bloodlines
16:49 Scale Barding Armor
17:52 Forging
19:23 Padded Archer Armor
19:13 Fletching
22:22 Castle Age
22:35 Light Cavalry
23:36 Chain Barding Armor
22:37 Elite Skirmisher
23:30 Husbandry
27:13 Bow Saw
28:25 Thumb Ring
28:35 Gillnets
31:21 Leather Archer Armor
31:04 Bodkin Arrow
32:33 Ballistics
35:35 Gold Mining
36:21 Wheelbarrow
44:07 Imperial Age
43:38 Hand Cart
43:09 Town Watch
43:47 Leather Archer Armor
44:08 Iron Casting
44:59 Bracer
44:42 Horse Collar
Connection lost

Rejoining the realm…

Still unreachable

The connection could not be restored.

Session expired

The server has moved on; the page needs a fresh start.